 Dungeon Crawl Stone Soup version 0.16-a0-139-gc9fe9b1 (webtiles) character file.

24 Ratboiler the Poker (level 3, -5/28 HPs)
             Began as a Merfolk Gladiator on Aug 14, 2014.
             Slain by Grinder (6 damage)
             ... while paralysed by Grinder
             ... on Level 3 of the Dungeon.
             The game lasted 00:03:38 (1500 turns).

Ratboiler the Poker (Merfolk Gladiator)             Turns: 1500, Time: 00:03:38

HP  -5/28        AC  6     Str 15      XL: 3   Next:  2%
MP   3/3         EV  2     Int  7      God:
Gold 99          SH  0     Dex 15      Spells:  0 memorised,  2 levels left

rFire  . . .     SeeInvis .     a - +0 trident
rCold  . . .     Clarity  .     b - +0 leather armour
rNeg   . . .     rCorr    .     (no shield)
rPois  +         rRot     .     c - +0 helmet
rElec  .         Spirit   .     (no cloak)
SustAb .         Warding  .     p - +0 pair of gloves
rMut   .         Stasis   .     v - +0 pair of boots
Gourm  .                        (no amulet)
MR     .....                    (no ring)
                                n - ring of poison resistance

@: paralysed, not resistant to hostile enchantments, very unstealthy
A: change form in water, swift swim
a: no special abilities


You were on level 3 of the Dungeon.
You were hungry.

You visited 1 branch of the dungeon, and saw 3 of its levels.

You collected 99 gold pieces.

Inventory:

Hand weapons
 a - a +0 trident (weapon)
Missiles
 d - 2 throwing nets (quivered)
 s - 18 poisoned needles
Armour
 b - a +0 leather armour (worn)
 c - a +0 helmet (worn)
 p - a +0 pair of gloves (worn)
 v - a +0 pair of boots (worn)
Comestibles
 f - 2 bread rations
 g - 6 fruits
Scrolls
 h - a scroll of immolation {unknown}
 i - a scroll of noise {unknown}
 k - a scroll of blinking {unknown}
 m - a scroll of remove curse {unknown}
 o - 3 scrolls of identify {unknown}
 t - a scroll of random uselessness {unknown}
Jewellery
 n - a ring of poison resistance (left hand)
Potions
 e - a potion of agility {unknown}
 j - a potion of invisibility {unknown}
 l - 2 potions of curing
 q - a potion of confusion {unknown}
 u - a potion of cure mutation {unknown}
Books
 r - a Grand Grimoire {highlevel, unknown}

   This book is beyond your current level of understanding.

   Spells                             Type                      Level
   Aura of Abjuration                 Summoning                    6
   Forceful Dismissal                 Summoning                    6
   Summon Greater Demon               Summoning                    7
   Malign Gateway                     Summoning/Translocation      7
   Summon Horrible Things             Summoning                    8


   Skills:
 + Level 2.8 Fighting
 * Level 4.8 Polearms
 - Level 2.0 Throwing
 + Level 4.6 Dodging


You had 2 spell levels left.
You didn't know any spells.

Dungeon Overview and Level Annotations

Branches:
Dungeon (3/15)

Altars:
Nemelex Xobeh

Annotations:
D:3 Grinder


Message History

You feel better.
It was a potion of curing.
Grinder hits you.
You hit Grinder.
Grinder is moderately wounded.
Grinder hits you but does no damage.
You puncture Grinder!
Grinder is moderately wounded.
Grinder gestures at you.
You suddenly lose the ability to move!
Grinder hits you but does no damage. Grinder hits you.
You writhe in agony.
Grinder gestures at you.
You struggle to resist.
Grinder hits you.
* * * LOW HITPOINT WARNING * * *
You writhe in agony.
* * * LOW HITPOINT WARNING * * *
Grinder hits you.
* * * LOW HITPOINT WARNING * * *
You writhe in agony.
You die...

#)........##.#.#
#(.............
#....(.......#
#######...####
#...#
#...#######
#.(.......#
##5.#####.# #@.#
#..# #..# #..#
#..# #..# #...
#.## #..


You could see Grinder.

Vanquished Creatures
  4 bats
  3 giant cockroaches (D:1)
  2 hobgoblins (D:2)
  5 giant newts
  5 goblins
  4 kobolds
  2 rats
25 creatures vanquished.

Notes
Turn   | Place    | Note
--------------------------------------------------------------
     0 | D:1      | Ratboiler, the Merfolk Gladiator, began the quest for the Orb.
     0 | D:1      | Reached XP level 1. HP: 16/16 MP: 1/1
   225 | D:1      | Reached XP level 2. HP: 21/23 MP: 2/2
   977 | D:2      | Found a sparkling altar of Nemelex Xobeh.
  1423 | D:3      | Reached XP level 3. HP: 28/28 MP: 3/3
  1464 | D:3      | Noticed Grinder
  1464 | D:3      | Paralysed by Grinder for 6 turns
  1477 | D:3      | Paralysed by Grinder for 4 turns
  1495 | D:3      | Paralysed by Grinder for 7 turns
  1500 | D:3      | HP: 1/28 [Grinder (6)]
  1500 | D:3      | Slain by Grinder

Action                   || total
-------------------------++-------
Melee: Trident           ||    71
Throw: Throwing net      ||     3
  Use: Potion            ||     1
  Eat: Chunk             ||     1
